 Dungeon Crawl Stone Soup version 0.23-a0-169-gb21e695 (webtiles) character file.

690 KristoblXynda the Chopper (level 7, -11/52 HPs)
             Began as a Formicid Fighter on Sept 11, 2018.
             Shot with an arrow by a centaur (13 damage)
             ... on level 5 of the Dungeon.
             The game lasted 00:06:26 (3520 turns).

KristoblXynda the Chopper (Formicid Fighter)        Turns: 3520, Time: 00:06:27

Health: -11/52     AC:  7    Str: 22    XL:     7   Next: 95%
Magic:  7/7        EV:  8    Int:  7    God:
Gold:   225        SH: 10    Dex: 11    Spells: 6/6 levels left

rFire    . . .     SeeInvis +   a - +0 war axe
rCold    . . .     Gourm    .   c - +0 shield
rNeg     . . .     Faith    .   b - +0 scale mail
rPois    .         Spirit   .   (helmet unavailable)
rElec    .         Reflect  .   (no cloak)
rCorr    .         Harm     .   (no gloves)
MR       .....                  (no boots)
Stlth    ..........             (no amulet)
HPRegen  0.17/turn              (no ring)
MPRegen  0.10/turn              (no ring)

@: no status effects
A: permanent stasis, dig shafts and tunnels, four strong arms, antennae 3
a: Dig, Shaft Self


You were on level 5 of the Dungeon.
You were hungry.

You visited 1 branch of the dungeon, and saw 5 of its levels.

You collected 225 gold pieces.

Inventory:

Hand Weapons
 a - a +0 war axe (weapon)
Armour
 b - a +0 scale mail (worn)
 c - a +0 shield (worn)
 q - a +0 chain mail
Scrolls
 e - 3 scrolls of identify
 g - 3 scrolls of teleportation {unknown}
 i - a scroll of magic mapping {unknown}
 j - a scroll of blinking {unknown}
 l - 2 scrolls of remove curse {unknown}
 m - 2 scrolls of immolation
 o - 2 scrolls of enchant armour
 s - a scroll of enchant weapon {unknown}
 u - a scroll of noise {unknown}
Potions
 d - a potion of might
 k - a potion of curing
 p - 2 potions of cancellation
 t - a potion of resistance
Comestibles
 f - 10 rations


   Skills:
 - Level 3.2 Fighting
 * Level 6.0 Axes
 + Level 5.5 Armour
 + Level 6.0 Shields


You had 6 spell levels left.
You didn't know any spells.
Your spell library contained the following spells:

 Spells                   Type           Power        Failure   Level  Hunger
 Magic Dart               Conj           #...         91%         1    ##.....
 Call Imp                 Summ           #.......     97%         2    ###....
 Slow                     Hex            #.......     97%         2    ###....
 Conjure Flame            Conj/Fire      #.......     100%        3    ####...
 Mephitic Cloud           Conj/Pois/Air  #.......     100%        3    ####...
 Blink                    Tloc           Unusable     N/A         2    N/A

Dungeon Overview and Level Annotations

Branches:
Dungeon (5/15)
 Temple: D:4-7

Altars:
Kikubaaqudgha
Nemelex Xobeh
Xom


Innate Abilities, Weirdness & Mutations

You cannot be hasted, slowed, berserked, paralysed or teleported.
You can dig through walls and to a lower floor.
Your four strong arms can wield two-handed weapons with a shield.
You have a pair of large antennae on your head. (SInv)


Message History

The orc wizard hits you but does no damage.
The orc wizard mumbles some strange words.
The orc wizard flickers and vanishes for a moment.
The centaur shoots an arrow.
The arrow barely misses the orc wizard.
The arrow hits you.
* * * LOW HITPOINT WARNING * * *
You hit the orc wizard but do no damage.
The orc wizard is almost dead.
The orc wizard gestures at you while chanting.
The magic dart hits you!
* * * LOW HITPOINT WARNING * * *
The centaur shoots an arrow.
The arrow barely misses the orc wizard.
The arrow hits you!
* * * LOW HITPOINT WARNING * * *
The orc wizard hits you but does no damage.
You slash the orc wizard!
You kill the orc wizard!
Your Shields skill increases to level 6!
The centaur shoots an arrow.
The arrow hits you!
You die...

.#.##.##.###.....#
.#....##.........#..c
.####....###.....#..o {
.........####.####.. {
..).(....+....# ..
....#....####.# .#
...!##.######.# {#
....##.#...<#.####o##.#
....##.#.####.#.@)c...#
....##...# #...##.####
....###### #...# ...
......# ##.## .....
......# #.# .......
......# #.. .######
......# ##. .# ......#
.# .# ......# ..


You could see a centaur and an orc.

Vanquished Creatures
  2 sky beasts (D:5)
  An ogre (D:5)
  2 centaurs (D:5)
  2 hounds
  2 orc priests
  3 orc wizards
  3 adders
  An ooze (D:3)
  A worm (D:2)
  2 dart slugs
  A leopard gecko (D:4)
  11 orcs
  2 ball pythons (D:2)
  4 bats
  5 giant cockroaches
  8 hobgoblins
  3 jackals (D:3)
  A quokka (D:5)
  5 frilled lizards
  4 goblins
  3 kobolds
  A leopard gecko zombie (D:5)
  A quokka skeleton (D:4)
  3 rats
71 creatures vanquished.

Notes
Turn   | Place    | Note
-------+----------+-------------------------------------------
     0 | D:1      | KristoblXynda the Formicid Fighter began the quest for the
                  | Orb.
     0 | D:1      | Reached XP level 1. HP: 18/18 MP: 1/1
   214 | D:1      | Reached XP level 2. HP: 17/24 MP: 2/2
   649 | D:2      | Found an ancient bone altar of Kikubaaqudgha.
   670 | D:2      | Reached XP level 3. HP: 10/29 MP: 3/3
  1069 | D:2      | Found a shimmering altar of Xom.
  1070 | D:2      | Found a sparkling altar of Nemelex Xobeh.
  1396 | D:3      | Reached XP level 4. HP: 12/35 MP: 4/4
  1760 | D:3      | Reached XP level 5. HP: 32/41 MP: 5/5
  2431 | D:4      | Reached XP level 6. HP: 47/47 MP: 6/6
  2779 | D:5      | Entered Level 5 of the Dungeon
  2788 | D:5      | Noticed a sky beast
  2801 | D:5      | Reached skill level 5 in Shields
  2806 | D:5      | HP: 2/47 [sky beast (5)]
  2812 | D:5      | Killed a sky beast
  2812 | D:5      | Reached skill level 5 in Axes
  2838 | D:5      | Reached skill level 5 in Armour
  2838 | D:5      | Reached XP level 7. HP: 33/52 MP: 7/7
  3136 | D:5      | HP: 2/52 [ogre/giant spiked club (26)]
  3519 | D:5      | HP: 2/52 [centaur/arrow (10)]
  3520 | D:5      | Shot with an arrow by a centaur

Vault maps used:
D:1:      minmay_arrival_radiant_lines
D:2:      lemuel_doored_altar, gammafunk_temple_overflow_pools, first_ration

Skill      XL: |  1  2  3  4  5  6  7 |
---------------+----------------------+-----
Shields        | 4 5 6 |  6.0
Axes           | 3 4 5 6 |  6.0
Armour         | 4 5 |  5.5
Fighting       | |  3.2

Action                   |  1- 3 |  4- 6 |  7- 9 || total
-------------------------+-------+-------+-------++-------
Melee: War axe           |    82 |    88 |    53 ||   223
  Use: Potion            |     2 |     2 |     1 ||     5
       Scroll            |       |       |     6 ||     6
  Eat: Chunk             |     2 |     3 |     3 ||     8
Armor: Scale mail        |    34 |    63 |    15 ||   112
Dodge: Dodged            |    43 |    40 |    20 ||   103
Block: Shield            |    47 |    65 |    36 ||   148

Table legend:
 A = Non-vault XP
 B = Vault XP
 C = Vault XP percentage of total XP
 D = Non-vault monster count
 E = Vault monster count
 F = Vault count percentage of total count
                 A         B        C        D         E       F
            +---------+---------+-------+---------+---------+-------
      Total |     987 |       0 |   0.0 |      71 |       0 |   0.0
            +---------+---------+-------+---------+---------+-------
        D:1 |      15 |       0 |   0.0 |      10 |       0 |   0.0
        D:2 |      29 |       0 |   0.0 |      14 |       0 |   0.0
        D:3 |     150 |       0 |   0.0 |      26 |       0 |   0.0
        D:4 |      79 |       0 |   0.0 |       7 |       0 |   0.0
        D:5 |     714 |       0 |   0.0 |      14 |       0 |   0.0
            +---------+---------+-------+---------+---------+-------
